 Dungeon Crawl Stone Soup version 0.23-a0-607-g760965b753 (webtiles) character file.

70168 Multipenetrator the Eclecticist (level 14, -11/68 HPs)
             Began as a Deep Elf Fire Elementalist on Dec 20, 2018.
             Was a High Priest of Cheibriados.
             Mangled by a peacekeeper (12 damage)
             ... on level 1 of the Elven Halls.
             The game lasted 03:43:38 (26840 turns).

Multipenetrator the Eclecticist (DEFE)             Turns: 26840, Time: 03:43:38

Health: -11/68     AC: 11    Str: 15    XL:     14   Next: 93%
Magic:  8/40       EV: 14    Int: 47    God:    Cheibriados [*****.]
Gold:   390        SH:  0    Dex: 35    Spells: 23/54 levels left

rFire    . . .     SeeInvis .   b - +6 bardiche of Disaster {pain, +Inv Str-4 Int+7}
rCold    + . .     Gourm    .   (shield currently unavailable)
rNeg     + . .     Faith    .   V - +3 leather armour of the Nexus {rElec rPois rN+ Dex+2}
rPois    +         Spirit   .   O - +0 hat
rElec    +         Reflect  .   X - +0 cloak {MR+}
rCorr    .         Harm     .   t - +1 pair of gloves of a Million Tables {+Inv}
MR       ++...                  Z - +1 pair of boots {Fly}
Stlth    +++.......             (no amulet)
HPRegen  0.21/turn              P - ring of protection from fire
MPRegen  0.27/turn              m - ring "Ifeipig" {Ice Dex+4}

@: flying, very slow
A: no striking features
a: Bend Time, Temporal Distortion, Slouch, Step From Time, Renounce Religion,
Evoke Invisibility, Stop Flying


You were on level 1 of the Elven Halls.
You worshipped Cheibriados.
Cheibriados was extremely pleased with you.
You were not hungry.

You visited 5 branches of the dungeon, and saw 22 of its levels.
You also visited: Ossuary, Bailey and Gauntlet.

You collected 2129 gold pieces.
You spent 1739 gold pieces at shops.

Inventory:

Hand Weapons
 b - the +6 bardiche of Disaster (weapon) {pain, +Inv Str-4 Int+7}
   (You found it on level 8 of the Dungeon)

   In the hands of one skilled in necromantic magic, it inflicts extra damage on
   living creatures.
   It affects your strength (-4).
   It affects your intelligence (+7).
   It lets you turn invisible.
Missiles
 K - 2 throwing nets (quivered)
Armour
 t - the +1 pair of gloves of a Million Tables (worn) {+Inv}
   (You found it on level 7 of the Dungeon)

   It lets you turn invisible.
 D - the +1 cloak of a ziggurat {rElec rF+ Dex-2}
   (You found it in a Gauntlet)

   It affects your dexterity (-2).
   It protects you from fire.
   It insulates you from electricity.
 O - a +0 hat (worn)
 Q - the +3 leather armour of the Trilobite {rElec rPois rF++ Stlth-}
   (You found it on level 6 of the Lair of Beasts)

   It greatly protects you from fire.
   It insulates you from electricity.
   It protects you from poison.
   It makes you less stealthy.
 V - the +3 leather armour of the Nexus (worn) {rElec rPois rN+ Dex+2}
   (You bought it in a shop on level 1 of the Orcish Mines)

   It affects your dexterity (+2).
   It insulates you from electricity.
   It protects you from poison.
   It protects you from negative energy.
 X - a +0 cloak of magic resistance (worn)
 Y - a +2 leather armour of magic resistance
 Z - a +1 pair of boots of flying (worn)
Magical Staves
 a - an uncursed staff of wizardry
Jewellery
 m - the ring "Ifeipig" (right hand) {Ice Dex+4}
   (You found it in a Gauntlet)

   [ring of ice]

   It enhances your ice magic.
   It affects your dexterity (+4).
   It makes you vulnerable to fire.
   It protects you from cold.
 s - a +4 amulet of reflection {unknown}
 E - an uncursed ring of protection from fire
 P - a ring of protection from fire (left hand)
 R - an uncursed ring of protection from cold
 S - an uncursed ring of ice
Wands
 e - a wand of paralysis (4)
 r - a wand of acid (14)
 M - a wand of iceblast (33)
 U - a wand of digging (3)
Scrolls
 d - 16 scrolls of remove curse
 f - 3 scrolls of enchant weapon
 n - 6 scrolls of amnesia
 o - 7 scrolls of teleportation
 y - a scroll of holy word
 z - a scroll of vulnerability
 B - 2 scrolls of fog
 C - 3 scrolls of silence
 H - 2 scrolls of random uselessness {unknown}
 I - a scroll of blinking
 J - a scroll of enchant armour
 N - 2 scrolls of immolation
 W - 3 scrolls of torment
Potions
 g - 3 potions of agility
 h - 13 potions of curing
 i - 5 potions of brilliance
 j - a potion of ambrosia {unknown}
 k - 7 potions of mutation
 p - a potion of lignification {unknown}
 q - 5 potions of flight
 w - 3 potions of resistance
 x - 4 potions of might {unknown}
 A - 3 potions of invisibility {unknown}
 F - a potion of degeneration {unknown}
 G - a potion of magic {unknown}
 T - 2 potions of heal wounds
Comestibles
 c - 32 rations
 u - a chunk of flesh


   Skills:
 - Level 2.4 Dodging
 - Level 2.4 Stealth
 + Level 20.9 Spellcasting
 - Level 14.5 Conjurations
 - Level 9.7 Fire Magic
 + Level 13.2 Invocations


You had 23 spell levels left.
You knew the following spells:

 Your Spells              Type           Power        Failure   Level  Hunger
a - Flame Tongue          Conj/Fire      #####        0%          1    None
b - Conjure Flame         Conj/Fire      ########     0%          3    None
c - Sticky Flame          Conj/Fire      ########     1%          4    None
d - Freezing Cloud        Conj/Ice/Air   #######...   9%          6    None
e - Orb of Destruction    Conj           ########..   1%          7    None
f - Fireball              Conj/Fire      ########..   1%          5    None
g - Bolt of Magma         Conj/Fire/Erth #######...   1%          5    None

Your spell library contained the following spells:

 Spells                   Type           Power        Failure   Level  Hunger
 Magic Dart               Conj           ####         0%          1    None
 Searing Ray              Conj           ######       0%          2    None
 Throw Flame              Conj/Fire      ######       0%          2    None
 Iskenderun's Mystic Bla  Conj           ########     0%          4    None
 Corona                   Hex            #####..      1%          1    None
 Shock                    Conj/Air       ####         1%          1    None
 Ensorcelled Hibernation  Hex/Ice        ######       1%          2    None
 Confuse                  Hex            #####...     1%          3    None
 Dazzling Spray           Conj/Hex       ######       1%          3    None
 Inner Flame              Hex/Fire       #######.     1%          3    None
 Tukima's Dance           Hex            #####...     1%          3    None
 Force Lance              Conj/Tloc      #######.     1%          4    None
 Fulminant Prism          Conj/Hex       #######...   1%          4    None
 Throw Icicle             Conj/Ice       ########     1%          4    None
 Irradiate                Conj/Tmut      #######...   1%          5    None
 Venom Bolt               Conj/Pois      #######...   1%          5    None
 Ice Form                 Ice/Tmut       ######..     4%          4    None
 Ignition                 Fire           #######...   47%         8    None


Dungeon Overview and Level Annotations

Branches:
Dungeon (12/15)            Temple (1/1) D:4            Lair (6/6) D:8
 Shoals (0/4) Lair:2       Spider (0/4) Lair:4        Slime (0/5) Lair:5
    Orc (2/2) D:9             Elf (1/3) Orc:2

Altars:
Ashenzari
Cheibriados
Dithmenos
Elyvilon
Fedhas
Gozag
Hepliaklqana
Kikubaaqudgha
Makhleb
Nemelex Xobeh
Okawaru
Qazlal
Ru
Sif Muna
Trog
Uskayaw
Vehumet
Wu Jian
Xom
Yredelemnul
Zin
The Shining One
Beogh
Jiyva

Shops:
Orc:1 [   Orc:2 ([!%

Portals:
Desolation: Elf:1

Annotations:
D:12 exclusion: orange crystal statue


Message History

The peacekeeper bites you!
* * * LOW HITPOINT WARNING * * *
The peacekeeper claws you.
* * * LOW HITPOINT WARNING * * *
Casting: Bolt of Magma (safe; 1% risk of failure)
Confirm with . or Enter, or press ? or * to list all spells.
Aiming: Fireball (safe; 1% risk of failure)
Press: ? - help, Shift-Dir - straight line, p - peacekeeper The fireball explodes!
The fireball engulfs the peacekeeper.
The peacekeeper resists.
The peacekeeper is almost destroyed.
* * * LOW MAGIC WARNING * * *
The peacekeeper bites you!
* * * LOW HITPOINT WARNING * * *
The peacekeeper claws you.
* * * LOW HITPOINT WARNING * * *
The peacekeeper bites you!!
* * * LOW HITPOINT WARNING * * *
The peacekeeper claws you!
You die...

,,.........#,,,,,,,,,*,,* *,*
,,......).##.8.....8.##,****,****
,,........#..§§§∩.....#,,,,,,,,,,
,,........#*§8.§§..8..#,,,,,,,,,,
,,.....)..#......§....#,*********
*,.....#..##.8...§.8.#*,*
**....##...#.........#,,*
*#..#*###.###''8''#**,** ###*
#...#..e..#,,,* ###.#.....#.#**
#.........# ###########


You could see a peacekeeper.

Vanquished Creatures
  Gastronok (D:8)
  An orc warlord (Orc:2)
  A dire elephant (Lair:6)
  A minotaur (Gauntlet)
  The ghost of D1HalberdGnoll the Grappler, a journeyman TrWr (Lair:2)
  A peacekeeper (Elf:1)
  Fannar (Lair:1)
  Harold (D:8)
  4 hydras
  2 two-headed ogres
  A dancing weapon (Elf:1)
  A merfolk avatar (Lair:6)
  3 death yaks (Lair:6)
  2 orc high priests
  Urug (Lair:3)
  Nergalle (Lair:3)
  A necromancer (Lair:6)
  3 orc knights
  2 ugly things
  5 deep elf magi (Elf:1)
  3 orc sorcerers
  An oklob plant (Gauntlet)
  2 centaur zombies
  A cyclops (D:10)
  3 manticores
  5 elephants (Lair:6)
  Joseph (Lair:1)
  Maurice (Orc:2)
  3 black mambas
  16 spiny frogs
  A rime drake (Lair:6)
  5 komodo dragons
  A hornet (Lair:6)
  6 trolls
  7 polar bears
  5 slime creatures (D:12)
  2 wind drakes (Lair:6)
  13 blink frogs
  8 hippogriffs
  A redback (Lair:4)
  2 centaur simulacra (Gauntlet)
  An air elemental (Elf:1)
  2 wyverns (D:11)
  A vampire (D:9)
  54 yaks
  Eustachio (D:6)
  A human (D:8)
  A chaos spawn (Gauntlet)
  A neqoxec (Gauntlet)
  Grum (D:8)
  A basilisk (Lair:5)
  Menkaure (D:7)
  5 wargs
  An acid dragon (Gauntlet)
  A soldier ant (D:11)
  13 water moccasins
  42 orc warriors
  5 porcupines
  3 phantoms
  A black bear (D:9)
  A hornet zombie (D:12)
  4 ice beasts
  4 sky beasts
  An ice dragon simulacrum (Gauntlet)
  17 wolves
  12 ogres
  A necrophage (D:8)
  10 centaurs
  A big kobold (D:12)
  12 crocodiles
  The ghost of Flugkiller the Caller, an amateur TeSu (D:5)
  Blork the orc (D:6)
  10 bullfrogs
  An elf zombie (D:5)
  An elf skeleton (D:5)
  2 scorpions (D:5)
  2 electric eels (Lair:2)
  10 wights
  3 howler monkeys
  7 crimson imps
  2 bullfrog zombies
  A quasit (D:11)
  3 hounds
  4 jellies
  22 orc priests
  A bullfrog skeleton (D:12)
  3 centaur skeletons
  Crazy Yiuf (D:6)
  46 orc wizards
  4 iguanas
  A human skeleton (D:5)
  2 polar bear simulacra (Lair:6)
  10 worker ants
  6 yak simulacra (Lair:6)
  2 hound skeletons
  A howler monkey zombie (D:10)
  11 mummies (Ossuary)
  16 adders
  12 gnolls
  3 shadow imps
  An ooze (D:6)
  5 adder skeletons
  2 worms (D:2)
  2 dart slugs
  3 leopard geckos
  143 orcs
  3 giant cockroaches
  19 goblins
  5 hobgoblins
  9 jackals
  27 kobolds
  7 quokkas
  A ball python (D:3)
  5 bats
  7 frilled lizards
  6 gnoll skeletons (Ossuary)
  2 goblin skeletons (Ossuary)
  3 jackal skeletons
  A leopard gecko zombie (D:9)
  2 orc skeletons (D:5)
  An orc zombie (D:5)
  2 quokka skeletons
  9 rats
  11 rat skeletons (Ossuary)
  3 river rat simulacra (Lair:6)
  2 fungi
790 creatures vanquished.

Vanquished Creatures (others)
  32 fungi
  32 plants
64 creatures vanquished.

Grand Total: 854 creatures vanquished

Notes
Turn   | Place    | Note
-------+----------+-------------------------------------------
     0 | D:1      | Multipenetrator the Deep Elf Fire Elementalist began the
                  | quest for the Orb.
     0 | D:1      | Reached XP level 1. HP: 10/10 MP: 6/6
   272 | D:1      | Reached XP level 2. HP: 15/15 MP: 6/8
   819 | D:2      | Reached XP level 3. HP: 15/19 MP: 5/10
  1447 | D:3      | Reached skill level 4 in Spellcasting
  1533 | D:3      | Learned a level 3 spell: Conjure Flame
  1658 | D:3      | Reached XP level 4. HP: 24/24 MP: 9/12
  2190 | D:4      | Noticed an ogre
  2212 | D:4      | Killed an ogre
  2212 | D:4      | Reached skill level 5 in Spellcasting
  2212 | D:4      | Reached XP level 5. HP: 28/28 MP: 2/14
  2302 | D:4      | Reached skill level 5 in Fire Magic
  2495 | D:4      | Reached XP level 6. HP: 32/32 MP: 13/16
  2521 | D:4      | Reached skill level 6 in Spellcasting
  2651 | D:4      | Learned a level 4 spell: Sticky Flame
  2664 | D:4      | Found a deep blue altar of Sif Muna.
  2678 | D:4      | Found a staircase to the Ecumenical Temple.
  2688 | Temple   | Entered the Ecumenical Temple
  2826 | Temple   | Became a worshipper of Cheibriados the Contemplative
  3393 | D:4      | Reached XP level 7. HP: 29/36 MP: 4/19
  3581 | D:5      | Entered Level 5 of the Dungeon
  3626 | D:5      | Reached * piety under Cheibriados
  3705 | D:5      | Reached skill level 7 in Spellcasting
  3712 | D:5      | Found a sand-covered staircase.
  3719 | D:5      | Reached skill level 5 in Conjurations
  3749 | Ossuary  | Entered an ossuary
  4436 | D:5      | Reached XP level 8. HP: 41/41 MP: 10/21
  4510 | D:5      | Found a large runed door.
  4510 | D:5      | Found a large runed door.
  4511 | D:5      | Noticed Flugkiller's ghost (amateur TeSu)
  4525 | D:5      | Learned a level 5 spell: Fireball
  4527 | D:5      | Killed Flugkiller's ghost
  4527 | D:5      | Reached skill level 8 in Spellcasting
  4536 | D:5      | Reached ** piety under Cheibriados
  5243 | D:6      | Noticed a manticore
  5251 | D:6      | Killed a manticore
  5251 | D:6      | Reached skill level 9 in Spellcasting
  5490 | D:6      | Noticed Eustachio
  5494 | D:6      | Killed Eustachio
  5494 | D:6      | Reached XP level 9. HP: 45/45 MP: 4/24
  5693 | D:6      | Noticed Blork the orc
  5698 | D:6      | Killed Blork the orc
  5831 | D:6      | Reached skill level 10 in Spellcasting
  5965 | D:6      | Reached *** piety under Cheibriados
  6363 | D:6      | Found a runed door.
  6367 | D:6      | Noticed Crazy Yiuf
  6368 | D:6      | Killed Crazy Yiuf
  6573 | D:6      | Found a hazy altar of Hepliaklqana.
  6585 | D:6      | Found a sacrificial altar of Ru.
  6935 | D:7      | Noticed Menkaure
  6937 | D:7      | Killed Menkaure
  6966 | D:7      | Got a pair of translucent gloves
  6978 | D:7      | Identified the +1 pair of gloves of a Million Tables {+Inv}
                  | (You found it on level 7 of the Dungeon)
  7853 | D:8      | Reached **** piety under Cheibriados
  7853 | D:8      | Reached skill level 11 in Spellcasting
  7856 | D:8      | Found a glowing golden altar of the Shining One.
  7867 | D:8      | Found an iron altar of Okawaru.
  8193 | D:8      | Found a staircase to the Lair.
  8200 | D:8      | Got a scorched bardiche
  8201 | D:8      | Identified the +6 bardiche of Disaster {pain, +Inv Str-4
                  | Int+7} (You found it on level 8 of the Dungeon)
  8248 | D:8      | Reached skill level 1 in Invocations
  8248 | D:8      | Reached XP level 10. HP: 50/50 MP: 20/27
  8360 | D:8      | Noticed Harold
  8363 | D:8      | Killed Harold
  8457 | D:8      | Reached skill level 5 in Invocations
  8541 | D:8      | Reached ***** piety under Cheibriados
  8562 | D:8      | Found a radiant altar of Vehumet.
  8601 | D:8      | Noticed a +0 hand axe
  8601 | D:8      | Noticed a +0 dagger
  8699 | D:8      | Found a hide-covered altar of Uskayaw.
  8778 | D:8      | Noticed Grum
  8783 | D:8      | Killed Grum
  8851 | D:8      | Found an iron altar of Okawaru.
  9309 | D:8      | Noticed Gastronok
  9329 | D:8      | Killed Gastronok
  9472 | D:9      | Reached skill level 10 in Invocations
  9486 | D:9      | Reached XP level 11. HP: 45/54 MP: 8/28
  9864 | D:9      | Found a staircase to the Orcish Mines.
 10847 | D:10     | Entered Level 10 of the Dungeon
 11526 | D:10     | Reached ****** piety under Cheibriados
 11526 | D:10     | Reached skill level 12 in Spellcasting
 12062 | D:11     | Noticed a red ugly thing
 12068 | D:11     | Reached skill level 13 in Spellcasting
 12073 | D:11     | Killed a red ugly thing
 12107 | D:11     | Found a flagged portal.
 12114 | Bailey   | Entered a bailey
 12272 | Bailey   | Noticed an orc knight
 12279 | Bailey   | Killed an orc knight
 12578 | D:11     | Reached XP level 12. HP: 59/59 MP: 5/31
 12806 | D:11     | Reached skill level 10 in Conjurations
 13246 | D:11     | Reached skill level 14 in Spellcasting
 14188 | D:12     | Noticed a seven-headed hydra
 14194 | D:12     | Killed a seven-headed hydra
 14699 | Lair:1   | Entered Level 1 of the Lair of Beasts
 14714 | Lair:1   | Noticed Fannar
 14719 | Lair:1   | Killed Fannar
 14738 | Lair:1   | Reached skill level 15 in Spellcasting
 15109 | Lair:1   | Noticed Joseph
 15115 | Lair:1   | Killed Joseph
 16365 | Lair:2   | Found a staircase to the Shoals.
 16556 | Lair:2   | Found a runed gate.
 16556 | Lair:2   | Found a runed gate.
 16556 | Lair:2   | Found a runed gate.
 16557 | Lair:2   | Noticed D1HalberdGnoll's ghost (journeyman TrWr)
 16580 | Lair:2   | Killed D1HalberdGnoll's ghost
 17005 | Lair:3   | Noticed Urug
 17009 | Lair:3   | Killed Urug
 17011 | Lair:3   | Reached skill level 16 in Spellcasting
 17221 | Lair:3   | Reached XP level 13. HP: 46/63 MP: 28/35
 17269 | Lair:3   | Got a warped war axe
 17271 | Lair:3   | Identified the +6 war axe "Killer Klown's Curse" {holy,
                  | *Contam MR+ SInv Stlth+} (You found it on level 3 of the
                  | Lair of Beasts)
 17560 | Lair:3   | Noticed Nergalle
 17563 | Lair:3   | Killed Nergalle
 18518 | Lair:4   | Found a hole to the Spider Nest.
 19412 | Lair:5   | Got a smoking shortbow
 19482 | Lair:5   | Reached skill level 17 in Spellcasting
 19843 | Lair:5   | Found a viscous altar of Jiyva.
 19843 | Lair:5   | Found a staircase to the Slime Pits.
 20054 | Lair:6   | Entered Level 6 of the Lair of Beasts
 20693 | Lair:6   | Reached skill level 18 in Spellcasting
 21011 | Lair:6   | Reached XP level 14. HP: 68/68 MP: 17/38
 22329 | Lair:6   | Reached skill level 19 in Spellcasting
 22565 | Lair:6   | Identified the Volume of Heat and Ice
 22585 | Lair:6   | Got a polished leather armour
 22609 | Lair:6   | Identified the +3 leather armour of the Trilobite {rElec
                  | rPois rF++ Stlth-} (You found it on level 6 of the Lair of
                  | Beasts)
 22636 | Lair:6   | Learned a level 6 spell: Freezing Cloud
 22797 | Orc:1    | Entered Level 1 of the Orcish Mines
 22797 | Orc:1    | Found Idghegup's Antique Armour Emporium.
 22986 | Orc:2    | Entered Level 2 of the Orcish Mines
 23178 | Orc:2    | Found a roughly hewn altar of Beogh.
 23222 | Orc:2    | Found a gate leading to a gauntlet.
 23239 | Gauntlet | Entered a Gauntlet
 23239 | Gauntlet | Found a transporter.
 23247 | Gauntlet | Found a transporter.
 23249 | Gauntlet | Found a transporter.
 23251 | Gauntlet | Found a transporter.
 23273 | Gauntlet | Found a transporter.
 23282 | Gauntlet | Found a transporter.
 23287 | Gauntlet | Found a transporter.
 23302 | Gauntlet | Found a transporter.
 23321 | Gauntlet | Found a transporter.
 23333 | Gauntlet | Found a transporter.
 23345 | Gauntlet | Found a transporter.
 23357 | Gauntlet | Found a transporter.
 23369 | Gauntlet | Found a transporter.
 23386 | Gauntlet | Found a transporter.
 23403 | Gauntlet | Found a transporter.
 23405 | Gauntlet | Found a transporter.
 23432 | Gauntlet | Found a transporter.
 23434 | Gauntlet | Found a transporter.
 23570 | Gauntlet | Got a slimy bone ring
 23572 | Gauntlet | Identified the ring "Ifeipig" {Ice Dex+4} (You found it in
                  | a Gauntlet)
 23617 | Gauntlet | Got a warped cloak
 23628 | Gauntlet | Identified the +1 cloak of a ziggurat {rElec rF+ Dex-2}
                  | (You found it in a Gauntlet)
 23909 | Orc:2    | Found a roughly hewn altar of Beogh.
 23917 | Orc:2    | Found Jinuruy's Food Shop.
 23964 | Orc:2    | Noticed Maurice
 23967 | Orc:2    | Killed Maurice
 24157 | Orc:2    | Found a staircase to the Elven Halls.
 24527 | Orc:2    | Found a roughly hewn altar of Beogh.
 24662 | Orc:2    | Found a roughly hewn altar of Beogh.
 24679 | Orc:2    | Reached skill level 20 in Spellcasting
 24828 | Orc:2    | Found a roughly hewn altar of Beogh.
 24828 | Orc:2    | Found Muafutu's Antique Armour Emporium.
 24828 | Orc:2    | Noticed an orc warlord
 24847 | Orc:2    | Killed an orc warlord
 24966 | Orc:2    | Found Quwn's Antique Weapon Shoppe.
 25292 | Orc:2    | Found a roughly hewn altar of Beogh.
 25315 | Orc:2    | Found Wisecs's Distillery.
 25320 | Orc:2    | Bought a potion of heal wounds for 85 gold pieces
 25320 | Orc:2    | Bought a potion of brilliance for 68 gold pieces
 25320 | Orc:2    | Bought a potion of heal wounds for 85 gold pieces
 25495 | Orc:1    | Found a roughly hewn altar of Beogh.
 26223 | Orc:1    | Bought a shimmering shield for 313 gold pieces
 26223 | Orc:1    | Bought a shimmering leather armour for 231 gold pieces
 26223 | Orc:1    | Bought a pair of runed boots for 247 gold pieces
 26272 | Orc:2    | Bought an ancient lajatang for 540 gold pieces
 26383 | Orc:2    | Bought a potion of curing for 51 gold pieces
 26383 | Orc:2    | Bought a potion of curing for 51 gold pieces
 26383 | Orc:2    | Bought a potion of brilliance for 68 gold pieces
 26397 | Orc:2    | Identified the +3 leather armour of the Nexus {rElec rPois
                  | rN+ Dex+2} (You bought it in a shop on level 1 of the
                  | Orcish Mines)
 26409 | Orc:2    | Identified a scroll of acquirement
 26409 | Orc:2    | Identified the Volume of Conjuration (You acquired it on
                  | level 2 of the Orcish Mines)
 26419 | Orc:2    | Learned a level 7 spell: Orb of Destruction
 26425 | Orc:2    | Learned a level 5 spell: Bolt of Magma
 26556 | Orc:2    | Identified the cursed +0 shield of the Big Bang {Str+5}
                  | (You bought it in a shop on level 1 of the Orcish Mines)
 26568 | Elf:1    | Entered Level 1 of the Elven Halls
 26833 | Elf:1    | Found a ruined gateway.
 26840 | Elf:1    | HP: 1/68 [peacekeeper (21)]
 26840 | Elf:1    | Mangled by a peacekeeper

Vault maps used:
D:1:      kennysheep_arrival_forest
D:3:      first_ration
D:4:      minmay_temple_entry_drinking_statues, lemuel_statue_altar
D:5:      nicolae_ossuary_entry_catacombs, ebering_ghost_disaster_area,
          minivault_26
D:6:      minitemple, hangedman_minor_gate_pass, uniq_eustachio,
          uniq_crazy_yiuf_cottage, uniq_blork_the_orc
D:7:      uniq_menkaure
D:8:      vehumet_altar_wand_db, grunt_temple_overflow_open,
          dancing_weapons_uskayaw, grunt_pizzeria, kennysheep_okawaru_gauntlet,
          uniq_gastronok, uniq_harold, uniq_grum
D:9:      david_orc_1_choice, serial_park
D:10:     hex_intersection
D:11:     enter_bailey_3
D:12:     minmay_protected_statue
Temple:   nicolae_temple_x_marks_the_god
Lair:1:   uniq_joseph, uniq_fannar
Lair:2:   shoals_dummy_entry, ebering_ghost_rock_garden, serial_bayou_lagoon_a
Lair:3:   st_stairs_8, grunt_megastairs_1, uniq_urug, uniq_nergalle
Lair:4:   spider_nest_entry_rubble, serial_bayou_shore_a
Lair:5:   dpeg_slime_entry_enclosed_altar
Lair:6:   gammafunk_lair_ancient_temple, eino_house_with_fridge
Orc:1:    serial_shops, shop, basic_altar, minmay_orc_keep
Orc:2:    grunt_orc_community_town_hall, grunt_orc_community_big_house_2,
          grunt_orc_community_big_house_2, grunt_orc_community_house_3,
          grunt_orc_community_house_3, grunt_orc_community_house_1,
          grunt_orc_community_house_1, grunt_orc_community_house_3,
          gauntlet_entry_generic, uniq_maurice
Elf:1:    minmay_elf_arrival_circle, portal_desolation_entry_twin_temple,
          minmay_elf_crystal_hexagon, minmay_elf_sorcery
Ossuary:  ossuary_due_small_catacomb
Bailey:   bailey_axe_1, bailey
Gauntlet: gammafunk_gauntlet_one_two_three

Skill      XL: |  1  2  3  4  5  6  7  8  9 10 11 12 13 14 |
---------------+-------------------------------------------+-----
Fire Magic     | 4 5 6 8 9 |  9.7
Spellcasting   | 4 5 6 7 9 11 13 16 18 20 | 20.9
Conjurations   | 2 3 4 5 7 8 9 12 14 | 14.5
Invocations    | 1 10 11 12 13 | 13.2
Dodging        | |  2.4
Stealth        | |  2.4

Action                   |  1- 3 |  4- 6 |  7- 9 | 10-12 | 13-15 || total
-------------------------+-------+-------+-------+-------+-------++-------
Melee: Dagger            |       |     1 |   277 |       |       ||   278
       Rapier            |       |       |     9 |       |       ||     9
       Bardiche          |       |       |       |    66 |    39 ||   105
Throw: Tomahawk          |       |       |     1 |       |       ||     1
       Throwing net      |       |       |       |     3 |       ||     3
 Cast: Flame Tongue      |    78 |    97 |   223 |   253 |   157 ||   808
       Conjure Flame     |     2 |     6 |     8 |     7 |     6 ||    29
       Sticky Flame      |       |     2 |    38 |    56 |    54 ||   150
       Fireball          |       |       |    24 |   110 |   178 ||   312
       Freezing Cloud    |       |       |       |       |    13 ||    13
       Orb of Destructio |       |       |       |       |    11 ||    11
       Bolt of Magma     |       |       |       |       |     6 ||     6
Invok: Slouch            |       |       |       |     7 |    14 ||    21
 Abil: Evoke Invisibilit |       |       |     1 |       |     1 ||     2
Evoke: Wand              |       |       |       |    14 |    15 ||    29
  Use: Scroll            |     1 |     5 |     9 |    13 |    14 ||    42
       Potion            |       |       |       |       |     2 ||     2
 Stab: Sleeping          |       |       |       |     1 |       ||     1
       Paralysed         |       |       |       |       |     1 ||     1
  Eat: Chunk             |     2 |     6 |     9 |    13 |    11 ||    41
       Ration            |       |       |     1 |       |     2 ||     3
Armor: Robe              |     5 |     4 |    63 |    31 |       ||   103
       Leather armour    |       |       |       |    27 |    23 ||    50
Dodge: Dodged            |     8 |    12 |   188 |   168 |    74 ||   450

Table legend:
 A = Non-vault XP
 B = Vault XP
 C = Vault XP percentage of total XP
 D = Non-vault monster count
 E = Vault monster count
 F = Vault count percentage of total count
                 A         B        C        D         E       F
            +---------+---------+-------+---------+---------+-------
      Total |   63332 |   36909 |  36.8 |     541 |     247 |  31.3
            +---------+---------+-------+---------+---------+-------
        D:1 |      21 |       0 |   0.0 |      15 |       0 |   0.0
        D:2 |      35 |       0 |   0.0 |      18 |       0 |   0.0
        D:3 |      86 |       0 |   0.0 |      22 |       0 |   0.0
        D:4 |     695 |       0 |   0.0 |      31 |       0 |   0.0
        D:5 |     427 |     313 |  42.3 |      15 |       7 |  31.8
        D:6 |     489 |    1156 |  70.3 |      20 |      10 |  33.3
        D:7 |    1001 |     172 |  14.7 |      24 |       1 |   4.0
        D:8 |    1502 |    4017 |  72.8 |      43 |       9 |  17.3
        D:9 |    3465 |     605 |  14.9 |      35 |       9 |  20.5
       D:10 |    1317 |       0 |   0.0 |      22 |       0 |   0.0
       D:11 |    6998 |       7 |   0.1 |      51 |       4 |   7.3
       D:12 |    5106 |       0 |   0.0 |      37 |       0 |   0.0
     Lair:1 |    3497 |    1462 |  29.5 |      18 |       2 |  10.0
     Lair:2 |    1291 |    1075 |  45.4 |       8 |       1 |  11.1
     Lair:3 |    5059 |    1891 |  27.2 |      20 |       4 |  16.7
     Lair:4 |    3483 |     225 |   6.1 |      10 |       1 |   9.1
     Lair:5 |    4346 |       0 |   0.0 |      21 |       0 |   0.0
     Lair:6 |   13709 |   11089 |  44.7 |      46 |      38 |  45.2
      Orc:1 |    5646 |     400 |   6.6 |      38 |       9 |  19.1
      Orc:2 |    3432 |    6713 |  66.2 |      44 |      77 |  63.6
      Elf:1 |    1727 |    3409 |  66.4 |       3 |       5 |  62.5
    Ossuary |       0 |     217 | 100.0 |       0 |      30 | 100.0
     Bailey |       0 |    1314 | 100.0 |       0 |      32 | 100.0
   Gauntlet |       0 |    2844 | 100.0 |       0 |       8 | 100.0
            +---------+---------+-------+---------+---------+-------
